 Dungeon Crawl Stone Soup version 0.29.1-1-gd02db6906a (webtiles) character file.

Game seed: 3248271662258042139

58 Descartes the Sneak (level 3, 0/17 HPs)
             Began as a Felid Wanderer on Oct 21, 2022.
             Slain by a gnoll
             ... wielding a +0 flail
              (9 damage)
             ... on level 2 of the Dungeon.
             The game lasted 00:02:13 (2081 turns).

Descartes the Sneak (Felid Wanderer)                Turns: 2081, Time: 00:02:14

Health: 0/17       AC:  1    Str: 11    XL:     3   Next: 75%
Magic:  8/8        EV: 16    Int: 14    God:
Gold:   55         SH:  0    Dex: 13    Spells: 7/8 levels left
                                        Lives:  0   Deaths: 0

rFire   . . .      SeeInvis +     - Unarmed
rCold   . . .      Faith    .   (shield unavailable)
rNeg    . . .      Spirit   .   (body armour unavailable)
rPois   .          Reflect  .   (helmet unavailable)
rElec   .          Harm     .   (cloak unavailable)
rCorr   .          Rampage  .   (gloves unavailable)
Will    .....                   (boots unavailable)
Stlth   ++........              (no amulet)
HPRegen 0.05/turn               (no ring)
MPRegen 0.11/turn               (no ring)

@: quick
A: very small, claws 1, fangs 3, see invisible, speed 1, shaggy fur 1, stealthy
paws, no weapons or thrown items, no armour, multi-lived
a: no special abilities


You were on level 2 of the Dungeon.
You visited 1 branch of the dungeon, and saw 2 of its levels.

You collected 55 gold pieces.

Inventory:

Scrolls
 b - a scroll of blinking
 d - a scroll of butterflies {unknown}
 g - a scroll of identify {unknown}
Potions
 a - a potion of attraction
 c - a potion of berserk rage {unknown}
 e - a potion of magic {unknown}
 f - a potion of curing {unknown}


   Skills:
 - Level 3.0 Fighting
 + Level 2.2 Dodging
 - Level 4.0 Stealth
 + Level 1.5 Unarmed Combat
 - Level 3.0 Spellcasting
 + Level 1.0 Conjurations
 + Level 2.4 Translocations


You had 7 spell levels left.
You knew the following spells:

 Your Spells              Type           Power      Damage    Failure   Level
a - Sandblast             Erth           4%         2d4       22%         1

Your spell library contained the following spells:

 Spells                   Type           Power      Damage    Failure   Level
 Blink                    Tloc           16%        N/A       12%         2
 Call Canine Familiar     Summ           2%         N/A       54%         3
 Frozen Ramparts          Ice            4%         1d1       54%         3


Dungeon Overview and Level Annotations

Branches:
Dungeon (2/15)

Altars:


Innate Abilities, Weirdness & Mutations

You have sharp claws.
You have razor-sharp teeth.
You have supernaturally acute eyesight. (SInv)
You cover ground quickly. (Speed+)
You are covered in fur. (AC +1)
Your paws help you pounce on unaware monsters.
You are incapable of wielding weapons or throwing items.
You cannot wear armour.
You gain extra lives every three experience levels.


Message History

A quokka comes into view.
Found a stone staircase leading down.
There is a stone staircase leading down here.
The helpless quokka fails to defend itself.
You claw the quokka!
You kill the quokka!
No target in view!
No target in view!
No target in view!
No target in view!
No target in view!
No target in view!
No target in view!
No target in view!
No target in view!
A gnoll comes into view.
It is wielding a +0 flail. 2 gnolls come into view.
A gnoll is wielding a +0 flail of protection.
The gnoll shouts!
A gnoll comes into view. It is wielding a +0 spear.
The gnoll shouts! x2
There is a stone staircase leading down here.
You scratch the gnoll but do no damage. The gnoll closely misses you.
You barely miss the gnoll. You bite the gnoll.
The gnoll is lightly wounded.
The gnoll closely misses you.
You closely miss the gnoll.
The gnoll is lightly wounded.
The gnoll hits you with a +0 flail.
You scratch the gnoll.
The gnoll is lightly wounded.
The gnoll hits you with a +0 flail.
You scratch the gnoll.
The gnoll is moderately wounded.
The gnoll misses you.
You barely miss the gnoll. You bite the gnoll.
The gnoll is severely wounded.
The gnoll hits you with a +0 flail!
Ouch! That really hurt!
You die...

######## #......# #.##.#.#
##.##.#.# #...#.#.# #.#.#.#@#
##### ##.#.#.#g# #...#
#..#.#.#.# ######
##.#.####.##.#.#.# .....#
...#......##.#.#.# #.#.#..
#####.######.#.#.# ....g..
......##...#.#.#.#######..#.#g.
####.........#.#..>.g.g........
#.#.#.#...######.############


You could see a gnoll.

Vanquished Creatures
  2 adders (D:2)
  3 dart slugs (D:1)
  A ball python (D:1)
  4 bats
  3 endoplasms (D:1)
  2 giant cockroaches (D:1)
  A goblin (D:1)
  3 hobgoblins (D:1)
  4 kobolds (D:1)
  2 quokkas
  2 frilled lizards (D:1)
  7 rats (D:1)
34 creatures vanquished.

Notes
Turn   | Place    | Note
-------+----------+-------------------------------------------
     0 | D:1      | Descartes the Felid Wanderer began the quest for the Orb.
     0 | D:1      | Descartes set off with the following items: a potion of
                  | attraction, a scroll of blinking; and the following spell
                  | memorised: Sandblast; and the following spells available to
                  | memorise: Blink, Call Canine Familiar, Frozen Ramparts.
     0 | D:1      | Reached XP level 1. HP: 10/10 MP: 5/5
   129 | D:1      | Reached skill level 1 in Translocations
   233 | D:1      | Reached skill level 1 in Dodging
   244 | D:1      | Reached XP level 2. HP: 4/14 MP: 7/7
   487 | D:1      | Reached skill level 1 in Unarmed Combat
   961 | D:1      | Found a faded altar of an unknown god.
   980 | D:1      | Reached XP level 3. HP: 12/17 MP: 8/8
  2004 | D:2      | Reached skill level 1 in Conjurations
  2081 | D:2      | Slain by a gnoll

Illustrated notes

Levels and vault maps discovered:
D:1:      elethiomel_arrival_infinity_welcomes_careful_drivers, layout_basic,
          chequers_ecumenical_altar_simple_redux, minmay_tall_x
D:2:      layout_basic, serial_co_window_serial, co_window_paths_b,
          co_window_corner_a, co_window_paths_b, co_window_corner_a,
          co_window_of_opportunity_a, co_window_broadway_b, co_window_paths_c,
          co_window_of_opportunity_b, co_window_of_opportunity_b,
          co_window_broadway_a, co_window_corner_b, co_window_of_opportunity_b,
          co_window_sun, co_window_4corner_b, glass_columns_c, glass_columns_b,
          glass_columns_a, glass_columns_a, glass_columns_a

Skill      XL: |  1  2  3 |
---------------+----------+-----
Translocations | 1 2 |  2.4
Dodging        | 1 2 |  2.2
Unarmed Combat | 1 |  1.5
Conjurations   | 1 |  1.0
Fighting       | |  3.0
Stealth        | |  4.0
Spellcasting   | |  3.0

Action                   || total
-------------------------++-------
Melee: Unarmed           ||    96
       Bite              ||    10
 Stab: Sleeping          ||    11
Armor: Skin              ||     6
Dodge: Dodged            ||    62
